 Dungeon Crawl Stone Soup version 0.31-a0-844-gdc52ec4e09 (webtiles) character file.

Game seed: 2202529343285279865

3162 Lugonue the Magician (level 9, -5/66 (72) HPs)
             Began as a Demigod Earth Elementalist on Sept 30, 2023.
             Engulfed by a steam dragon's steam (9 damage)
             ... on level 7 of the Dungeon.
             The game lasted 00:33:45 (8004 turns).

Lugonue the Magician (Demigod Earth Elementalist)   Turns: 8004, Time: 00:33:45

HP:   -5/66 (72)    AC:  7    Str: 17    XL:     9   Next: 36%
MP:   0/23          EV: 12    Int: 21    God:
Gold: 355           SH:  0    Dex: 14    Spells: 13/22 levels left

rFire   . . .        i - +3 trident
rCold   . . .        (no shield)
rNeg    . . .        q - +1 robe {Will+}
rPois   .            g - +2 hat
rElec   .            (no cloak)
rCorr   .            l - +0 pair of gloves
SInv    .            c - +0 pair of boots
Will    +....        s - amulet of guardian spirit
Stlth   ++           (no ring)
HPRegen 0.31/turn    (no ring)
MPRegen 0.18/turn

%: guardian spirit
@: drained
A: high MP 1, forlorn, divine attributes
a: no special abilities


You were on level 7 of the Dungeon.
You visited 2 branches of the dungeon, and saw 8 of its levels.
You also visited: Sewer.

You collected 383 gold pieces.
You spent 28 gold pieces at shops.

Inventory:

Hand Weapons
 h - a +0 glaive
 i - a +3 trident (weapon)
Missiles
 j - 11 poisoned darts (quivered)
Armour
 c - a +0 pair of boots (worn)
 g - a +2 hat (worn)
 l - a +0 pair of gloves (worn)
 q - a +1 robe of willpower (worn)
Jewellery
 s - an amulet of guardian spirit (around neck)
Wands
 e - a wand of flame (20)
 p - a wand of quicksilver (6)
Scrolls
 d - a scroll of vulnerability
 k - 2 scrolls of blinking
 x - a scroll of immolation
 y - a scroll of torment
Potions
 a - a potion of lignification {unknown}
 b - a potion of magic
 f - 7 potions of enlightenment
 r - a potion of haste
 t - a potion of experience {unknown}
 u - a potion of resistance


   Skills:
 * Level 4.5 Fighting
 * Level 6.2 Polearms
 - Level 1.7 Dodging
 - Level 1.7 Stealth
 * Level 7.2 Spellcasting
 - Level 0.8 Transmutations
 + Level 0.4 Ice Magic
 + Level 6.3 Earth Magic


You had 13 spell levels left.
You knew the following spells:

 Your Spells              Type           Power      Damage    Failure   Level
a - Sandblast             Erth           68%        2d15      1%          1
b - Passwall              Tmut/Erth      18%        N/A       3%          2
c - Stone Arrow           Conj/Erth      40%        3d9       7%          3
d - Ozocubu's Armour      Ice            9%         N/A       22%         3

Your spell library contained the following spells:

 Spells                   Type           Power      Damage    Failure   Level
 Magic Dart               Conj           28%        1d4       9%          1
 Searing Ray              Conj           14%        2d5       13%         2
 Petrify                  Tmut/Erth      22%        N/A       21%         4
 Brom's Barrelling Bould  Conj/Erth      20%        2d4       24%         4
 Borgnjor's Vile Clutch   Necr/Erth      10%        N/A       54%         5
 Animate Dead             Necr           7%         N/A       65%         4
 Fulminant Prism          Conj/Hex       3%         3d5       65%         4
 Death Channel            Necr           3%         N/A       100%        6
 Ozocubu's Refrigeration  Ice            4%         4d8       100%        7


Dungeon Overview and Level Annotations

Branches:
Dungeon (7/15)             Temple (1/1) D:4           Sewer (visited)

Shops:
D:1 ?   D:7 :

Annotations:
D:3 1 runed translucent door, Vorhees's ghost, amateur DjWr
D:6 3 runed translucent doors, eyesofgods1's ghost, novice DjGl
D:7 Jeremiah


Innate Abilities, Weirdness & Mutations

You have an increased reservoir of magic. (+10% MP)
You shall have no god before yourself.
Your divine heritage dramatically boosts your attributes as you level up.


Message History

You puncture the orc!
You kill the orc!
The butterfly disappears in a burst of colours!
Jeremiah cries, "Fearful master, protect me!"
Something smites you!
Casting: Stone Arrow (dangerous; 7% risk of failure)
Confirm with . or Enter, or press ? or * to list all spells.
Aiming: Stone Arrow (dangerous; 7% risk of failure)
Press: ? - help, Shift-Dir - straight line, f - Jeremiah
Aim: Jeremiah, wielding a +2 trident of draining, wearing a +0 robe and wearing an orb of guile (64% to hit)
The stone arrow misses the butterfly.
The stone arrow hits Jeremiah!
Jeremiah is moderately wounded.
The butterfly disappears in a burst of colours!
Jeremiah shouts, "O dreadful one, destroy my foe!"
Something smites you!
Press: ? - help, v - describe, . - travel
Here: Jeremiah, wielding a +2 trident of draining, wearing a +0 robe and wearing an orb of guile (moderately wounded)
The floor.
The butterfly disappears in a burst of colours! x2
The butterfly disappears in a burst of colours!
Okay, then.
You start resting.
Jeremiah is nearby!
Casting: Stone Arrow (dangerous; 7% risk of failure)
Confirm with . or Enter, or press ? or * to list all spells.
Aiming: Stone Arrow (dangerous; 7% risk of failure)
Press: ? - help, Shift-Dir - straight line, f/p - Jeremiah
Aim: Jeremiah, wielding a +2 trident of draining, wearing a +0 robe and wearing an orb of guile (moderately wounded, 64% to hit)
The stone arrow hits Jeremiah!
Jeremiah is heavily wounded.
Jeremiah looks at their weapon with confusion.
Jeremiah hits you but does no damage.
You feel drained.
The steam dragon hisses angrily.
The steam dragon breathes steam at you. The ball of steam hits you!!
* * * LOW HITPOINT WARNING * * *
You hear a shout!
There is an escape hatch in the ceiling here.
You are engulfed in a cloud of scalding steam.
You die...

.
#....#####.....#......#
. #.....#b.............#
. #.b..........#...#.# .
#bF###...........#.#
##..##.....>....... ..#
##..F.#.b...D....##.. .
..#
#.....#....§......### #
##.###...b.....§.......#
.............@.......##
#
##............§........
###..........b§§§#......
.............§#..#....#.
..............#... ..##
.###........###....#..#
..##........# #......##
..###.......###.... .
..# ##.........


You could see Jeremiah.

Vanquished Creatures
  Pikel (D:5)
  Grinder (D:5)
  2 steam dragons (D:6)
  Duvessa (D:6)
  4 orc warriors
  2 black bears
  A centaur (D:7)
  2 phantoms
  A kobold brigand (D:6)
  2 bullfrogs (D:7)
  5 wights
  Dowan (D:6)
  3 howler monkeys
  2 jellies
  4 orc priests
  2 gnoll boudas (D:6)
  4 iguanas
  5 orc wizards
  A malarious merfolk avatar (Sewer)
  A sickly merfolk siren (Sewer)
  6 river rats
  5 adders
  A shadow imp (D:6)
  2 white imps (D:6)
  An ufetubus (D:6)
  2 worms
  3 dart slugs (D:1)
  17 orcs
  8 ball pythons
  4 endoplasms
  8 giant cockroaches
  4 goblins
  11 hobgoblins
  6 jackals
  4 kobolds
  6 quokkas
  10 bats
  5 frilled lizards
  30 rats
178 creatures vanquished.

Notes
Turn   | Place    | Note
-------+----------+-------------------------------------------
     0 | D:1      | Lugonue the Demigod Earth Elementalist began the quest for
                  | the Orb.
     0 | D:1      | Reached XP level 1. HP: 14/14 MP: 5/5
   134 | D:1      | Reached skill level 2 in Spellcasting
   258 | D:1      | Reached XP level 2. HP: 20/20 MP: 4/7
   562 | D:1      | Reached XP level 3. HP: 17/26 MP: 9/9
   737 | D:1      | Found Wusopirr's Magic Scroll Boutique.
   740 | D:1      | Bought a scroll of identify for 28 gold pieces
  1099 | D:2      | Noticed a phantom
  1127 | D:2      | Killed a phantom
  1128 | D:2      | Reached skill level 1 in Fighting
  1128 | D:2      | Reached skill level 3 in Spellcasting
  1128 | D:2      | Reached XP level 4. HP: 14/35 MP: 4/11
  1604 | D:3      | Learned a level 2 spell: Passwall
  1608 | D:3      | Learned a level 3 spell: Stone Arrow
  1646 | D:3      | Noticed Vorhees's ghost (amateur DjWr)
  1650 | D:3      | Found a runed translucent door.
  2018 | D:4      | Reached skill level 1 in Polearms
  2018 | D:4      | Reached XP level 5. HP: 40/40 MP: 9/12
  2251 | D:4      | Found a staircase to the Ecumenical Temple.
  2269 | Temple   | Entered the Ecumenical Temple
  2473 | D:4      | Found a glowing drain.
  2486 | Sewer    | Entered a sewer
  2667 | Sewer    | Reached XP level 6. HP: 43/47 MP: 10/14
  3784 | D:5      | Entered Level 5 of the Dungeon
  4032 | D:5      | Reached skill level 4 in Spellcasting
  4134 | D:5      | Reached XP level 7. HP: 47/55 MP: 0/16
  4308 | D:5      | Noticed Grinder
  4317 | D:5      | Killed Grinder
  4318 | D:5      | Noticed Pikel
  4338 | D:5      | Killed Pikel
  4339 | D:5      | Reached skill level 5 in Spellcasting
  4339 | D:5      | Reached skill level 5 in Earth Magic
  4339 | D:5      | Reached XP level 8. HP: 53/63 MP: 0/19
  4792 | D:6      | Noticed Dowan
  4793 | D:6      | Noticed Duvessa
  5274 | D:6      | Reached skill level 5 in Polearms
  5390 | D:6      | Noticed eyesofgods1's ghost (novice DjGl)
  5393 | D:6      | Found a runed translucent gate.
  5393 | D:6      | Found a runed translucent gate.
  5393 | D:6      | Found a runed translucent gate.
  5731 | D:6      | Learned a level 3 spell: Ozocubu's Armour
  5868 | D:6      | Killed Duvessa
  5870 | D:6      | Killed Dowan
  6061 | D:6      | Reached skill level 6 in Spellcasting
  6684 | D:7      | Found Zanguc's Book Shop.
  7035 | D:7      | Reached XP level 9. HP: 40/71 MP: 3/22
  7369 | D:7      | Noticed Jeremiah
  7475 | D:7      | Reached skill level 7 in Spellcasting
  8004 | D:7      | Engulfed by a steam dragon's steam

Illustrated notes

Levels and vault maps discovered:
D:1:      dpeg_arrival_short_road, layout_basic, serial_shops,
          nicolae_shop_rolled_up, serial_bayou_pond_d, nrook_mini_vaults
D:2:      layout_basic
D:3:      layout_rooms, hellmonk_ghost_happy_afterlife,
          kennysheep_generic_room_11
D:4:      nicolae_cairo_tiling, layout_loops_ring,
          nicolae_overflow_hidden_temple, minmay_temple_entry_waves,
          portal_sewer_entry_b, st_stairs_14, chequers_serial_rivers_small_b,
          hangedman_decor_push
D:5:      layout_basic, uniq_grinder, uniq_pikel
D:6:      minmay_recursive_quarters, layout_basic,
          pdpol_wu_jian_five_deadly_venoms, gammafunk_ghost_split, uniq_duvessa
D:7:      gammafunk_the_bubble [the_bubble_gammafunk_crates], layout_cave_pools,
          grunt_gozag_breadcrumbs, serial_shops, kennysheep_mini_moat,
          uniq_jeremiah
Temple:   nicolae_temple_ecumenical_triangle

Skill      XL: |  1  2  3  4  5  6  7  8  9 |
---------------+----------------------------+-----
Spellcasting   | 2 3 4 5 6 7 |  7.2
Earth Magic    | 3 4 5 6 |  6.3
Fighting       | 1 2 3 4 |  4.5
Polearms       | 1 2 3 4 5 6 |  6.2
Dodging        | |  1.7
Stealth        | |  1.7
Transmutations | |  0.8
Ice Magic      | |  0.4

Action                     |  1- 3 |  4- 6 |  7- 9 || total
---------------------------+-------+-------+-------++-------
  Melee: Unarmed           |     7 |       |       ||     7
         Glaive            |    49 |     4 |       ||    53
         Trident           |       |   189 |   125 ||   314
         Punch             |       |     2 |     2 ||     4
  Throw: Dart              |       |       |     2 ||     2
         Throwing net      |       |       |     1 ||     1
   Cast: Sandblast         |    40 |    48 |     6 ||    94
         Stone Arrow       |       |    13 |    78 ||    91
         Ozocubu's Armour  |       |       |     3 ||     3
         Passwall          |       |       |     3 ||     3
    Use: Scroll            |     2 |     9 |    14 ||    25
         Potion            |     1 |     1 |     9 ||    11
   Stab: Distracted        |     1 |       |       ||     1
         Sleeping          |       |     6 |     2 ||     8
 Armour: Robe              |    48 |   154 |   162 ||   364
  Dodge: Dodged            |    56 |   150 |    96 ||   302

Table legend: (Time is in decaauts)
 A = Elapsed time spent in this place.
 B = Non-inter-level travel time spent in this place.
 C = Inter-level travel time spent in this place.
 D = Time resting spent in this place.
 E = Time spent auto-exploring this place.
 F = Levels seen in this place.
 G = Mean time per level.
                   A        B        C        D        E       F      G
               +--------+--------+--------+--------+--------+-----+--------+
         Total |   8157 |   7602 |    555 |    582 |   4760 |   9 |  906.3 |
       Dungeon |   7325 |   6770 |    555 |    523 |   4345 |   7 | 1046.4 |
        Temple |     53 |     53 |      0 |     30 |      7 |   1 |   53.0 |
         Sewer |    778 |    778 |      0 |     29 |    408 |   1 |  778.0 |
               +--------+--------+--------+--------+--------+-----+--------+

Top non-repeatable levels by time:
     D:6: 2358 daAuts
     D:5: 1223 daAuts
     D:4: 1057 daAuts
     D:1: 807 daAuts
   Sewer: 778 daAuts
     D:2: 685 daAuts
     D:7: 642 daAuts
     D:3: 552 daAuts
  Temple: 53 daAuts
